 Dungeon Crawl Stone Soup version 0.29-a0-243-g602b31c20e (webtiles) character file.

Game seed: 9036248357315096301

11 spaghetti the Sneak (level 2, 0/21 HPs)
             Began as an Octopode Delver on Mar 4, 2022.
             Succumbed to an adder's poison
             ... on level 5 of the Dungeon.
             The game lasted 00:00:44 (178 turns).

spaghetti the Sneak (Octopode Delver)                Turns: 178, Time: 00:00:45

Health: 0/21       AC:  1    Str: 11    XL:     2   Next: 25%
Magic:  2/2        EV: 13    Int: 12    God:
Gold:   33         SH:  0    Dex: 13    Spells: 1/1 levels left

rFire   . . .      SeeInvis .   l - +2 flail (pain) {mace}
rCold   . . .      Faith    .   (no shield)
rNeg    . . .      Spirit   .   (helmet restricted)
rPois   .          Reflect  .   (no amulet)
rElec   .          Harm     .   (no ring)
rCorr   .          Rampage  .   (no ring)
Will    .....                   (no ring)
Stlth   ++++......              (no ring)
HPRegen 0.07/turn               (no ring)
MPRegen 0.08/turn               (no ring)
                                (no ring)
                                (no ring)

@: mighty, lethally poisoned (0 -> -5)
A: almost no armour, amphibious, 8 rings, camouflage 1, gelatinous body 1,
(nimble swimmer 1), tentacles
a: no special abilities


You were on level 5 of the Dungeon.
You visited 1 branch of the dungeon, and saw 3 of its levels.

You collected 33 gold pieces.


Innate Abilities, Weirdness & Mutations

You cannot wear most types of armour.
You are amphibious.
You can wear up to eight rings at the same time.
Your skin changes colour to match your surroundings (Stealth+).
Your rubbery body absorbs attacks. (AC +1, EV +1)
((You are camouflaged when in or above water. (Stealth+)))
You have tentacles for arms and can constrict up to eight enemies at once.


   Skills:
 + Level 3.0 Fighting
 - Level 2.0 Dodging
 - Level 6.6 Stealth
 - Level 2.9 Unarmed Combat


You had one spell level left.
You didn't know any spells.
Your spell library was empty.

Inventory:

Hand Weapons
 f - a +0 hand crossbow {crossbow}
   (You found it on level 5 of the Dungeon)
 i - a +0 dagger {short}
   (You took it off an orc on level 5 of the Dungeon)
 l - a +2 flail of pain (weapon) {mace}
   (You found it on level 5 of the Dungeon)
Missiles
 g - 6 poisoned darts (quivered) {throwing}
 j - 25 stones {throwing}
Jewellery
 k - a ring of magical power
   (You found it on level 5 of the Dungeon)
Wands
 e - a wand of digging (3)
Scrolls
 b - a scroll of magic mapping {!r}
 c - a scroll of fear
Potions
 d - 2 potions of haste {@q3}

Dungeon Overview and Level Annotations

Branches:
Dungeon (6/15)
 Temple: D:4-7

Altars:

Annotations:
D:4 Blork the orc

#...# ######
######.. .....#
#...... .....#
+.....# .....#
#.....# .....#
#.....#
.....###+###..§§§#
........<.....§§§#
...^........<.§§@#
..............§§S#
......>.......§..#
.................#
.................#
.................#
############.....#
#.....# .....#


You could see an adder.


Message History

Blork the orc comes into view.
He is wielding a +0 hand axe.
The kobold shouts!
Blork the orc shouts!
There is a stone staircase leading down here.
You climb downwards.
There is a stone staircase leading up here.
Unknown command.
Unknown command.
An orc is nearby!
An orc is nearby!
The helpless orc fails to defend itself.
You tentacle-slap the orc. You grab the orc. You constrict the orc.
The orc barely misses you.
You tentacle-slap the orc.
You kill the orc!
i - a +0 dagger {short} You see here an orc corpse.
j - 25 stones {throwing}
Found an escape hatch in the floor.
There is an escape hatch in the floor here.
k - a ring of magical power You open the door.
There is an open door here.
You open the door.
There is an open door here.
An adder comes into view.
An adder is nearby!
Found a stone staircase leading down.
Found a scroll labelled NEUVER ESIYKI.
Found an escape hatch in the ceiling.
The adder hisses angrily.
The adder misses you. The adder closely misses you.
You tentacle-slap the adder but do no damage.
You grab the adder. You squeeze the adder. You constrict the adder.
The adder bites you. 😕 HP[-2]
You take 2 damage, and now have 14/16 hp.
You tentacle-slap the adder but do no damage.
You constrict the adder. The adder bites you. 😕 HP[-1]
You take 1 damage, and now have 13/16 hp.
You tentacle-slap the adder. You constrict the adder. The adder bites you.
The adder closely misses you. 😮 HP[-1]
You take 1 damage, and now have 12/16 hp.
You tentacle-slap the adder but do no damage.
You constrict the adder.
You kill the adder!
You have reached level 2! 😕 HP[+4] MP[+1]
You now have 21 max hp (+5).
You regained 4 hp, and now have 16/21 hp.
Your mp is fully restored (2).
Found a stone staircase leading up. 😕 HP[+1]
l - a scroll labelled NEUVER ESIYKI
There are no items here.
As you read the scroll labelled NEUVER ESIYKI, it crumbles to dust.
The air around you briefly surges with heat, but it dissipates.
It was a scroll of immolation.
Unknown command.
(D) Dungeon
Where to? (Enter - D:4, ? - help)
An adder comes into view.
Unknown command.
Unknown command.
You hear a distant slurping noise.
There is a stone staircase leading up here.
The adder hisses angrily.
You see here a +2 flail of pain {mace}. 😕 HP[+1]
l - a +2 flail of pain {mace} The adder bites you. 😕 HP[-2]
You take 2 damage, and now have 16/21 hp.
You have a feeling of ineptitude.
l - a +2 flail of pain (weapon)
{mace} You hit the adder.
Your grab misses the adder. The adder bites you.
You are poisoned.
The adder poisons you! The adder misses you. 😮 HP[-3]
You take 3 damage, and now have 13/21 hp.
It was a potion of might.
You feel very mighty all of a sudden.
You feel sick. The adder bites you.
* * * LOW HITPOINT WARNING * * *
😨 HP[-6]
You take 6 damage, and now have 7/21 hp.
MASSIVE DAMAGE!! (PAUSE)
Okay, then.
As you read the scroll of fog, it crumbles to dust.
The scroll dissolves into smoke.
* * * LOW HITPOINT WARNING * * *
You feel sick. The adder bites you.
* * * LOW HITPOINT WARNING * * *
The adder barely misses you. 😱 HP[-5]
You take 5 damage, and now have 2/21 hp.
MASSIVE DAMAGE!! (PAUSE)
You barely miss the adder. You grab the adder. You constrict the adder.
You die...

Action                   || total
-------------------------++-------
Melee: Unarmed           ||     6
       Constrict         ||     3
       Tentacles         ||     1
       Flail             ||     2
  Use: Scroll            ||     2
       Potion            ||     1
 Stab: Sleeping          ||     1
Dodge: Dodged            ||     6

Levels and vault maps discovered:
D:4:      layout_basic, mainiacjoe_overflow_boulevard, uniq_blork_the_orc
D:5:      layout_gridville, nicolae_sextant
D:6:      layout_loops_ring, temple_statues

Notes
Turn   | Place    | Note
-------+----------+-------------------------------------------
     0 | D:5      | spaghetti the Octopode Delver began the quest for the Orb.
     0 | D:5      | Reached XP level 1. HP: 16/16 MP: 1/1
     0 | D:5      | magus.rc [v1.9.6]
     1 | D:6      | Noticed a hornet
    40 | D:5      | Noticed a jelly
    70 | D:4      | Noticed an orc wizard
   101 | D:4      | Noticed Blork the orc
   155 | D:5      | Reached XP level 2. HP: 16/21 MP: 2/2
   177 | D:5      | HP: 2/21 [adder (4)]
   178 | D:5      | Succumbed to an adder's poison

Vanquished Creatures
  An adder (D:5)
  An orc (D:5)
2 creatures vanquished.

Table legend:
 A = Non-vault XP
 B = Vault XP
 C = Vault XP percentage of total XP
 D = Non-vault monster count
 E = Vault monster count
 F = Vault count percentage of total count
                 A         B        C        D         E       F
            +---------+---------+-------+---------+---------+-------
      Total |      16 |       0 |   0.0 |       2 |       0 |   0.0
            +---------+---------+-------+---------+---------+-------
        D:5 |      16 |       0 |   0.0 |       2 |       0 |   0.0
            +---------+---------+-------+---------+---------+-------

Illustrated notes

Table legend:
 A = Kills in this place as a percentage of kills in entire the game.
 B = Kills by you in this place as a percentage of kills by you in the entire game.
 C = Kills by friends in this place as a percentage of kills by friends in the entire game.
 D = Other kills in this place as a percentage of other kills in the entire game.
 E = Experience gained in this place as a percentage of experience gained in the entire game.
 F = Experience gained in this place divided by the number of levels of this place that you have seen.
                   A       B       C       D       E      F
               +-------+-------+-------+-------+-------+----------------------
         Total | 100.0 | 100.0 |   N/A |   N/A | 100.0 |   5.3
       Dungeon | 100.0 | 100.0 |   N/A |   N/A | 100.0 |   5.3
               +-------+-------+-------+-------+-------+----------------------

Table legend: (Time is in decaauts)
 A = Elapsed time spent in this place.
 B = Non-inter-level travel time spent in this place.
 C = Inter-level travel time spent in this place.
 D = Time resting spent in this place.
 E = Time spent auto-exploring this place.
 F = Levels seen in this place.
 G = Mean time per level.
                   A        B        C        D        E       F      G
               +--------+--------+--------+--------+--------+-----+--------+
         Total |    178 |    165 |     13 |      0 |     76 |   3 |   59.3 |
       Dungeon |    178 |    165 |     13 |      0 |     76 |   3 |   59.3 |
               +--------+--------+--------+--------+--------+-----+--------+

Top non-repeatable levels by time:
     D:5: 114 daAuts
     D:4: 61 daAuts
     D:6: 1 daAuts
